 Dungeon Crawl Stone Soup version 0.18.1-8-gdd0e5ea (webtiles) character file.

87 Firecrotchwizard the Covered (level 4, -6/42 HPs)
             Began as a Deep Dwarf Fighter on June 12, 2016.
             Killed by Freeze
             ... invoked by taraiph's ghost
              (11 damage)
             ... on level 3 of the Dungeon.
             The game lasted 00:08:30 (1497 turns).

Firecrotchwizard the Covered (Deep Dwarf Fighter)   Turns: 1497, Time: 00:08:31

Health: -6/42      AC:  9    Str: 21    XL:     4   Next: 28%
Magic:  4/4        EV:  5    Int:  8    God:
Gold:   134        SH:  9    Dex: 12    Spells: 0 memorised, 3 levels left

rFire  . . .     SeeInvis .     a - +0 war axe
rCold  . . .     Gourm    .     h - +0 chain mail
rNeg   . . .     Faith    .     c - +0 shield
rPois  .         Spirit   .     (no helmet)
rElec  .         Dismiss  .     (no cloak)
rCorr  .         Reflect  .     (no gloves)
SustAt .         Harm     .     (no boots)
MR     .....                    o - amulet of rage
Stlth  ..........               (no ring)
                                (no ring)

@: non-regenerating, drained, not resistant to hostile enchantments, extremely
unstealthy
A: damage resistance, recharge devices, sense surroundings 1, slow regeneration
3
a: Device Recharging, Evoke Berserk Rage


You were on level 3 of the Dungeon.
You were not hungry.

You visited 1 branch of the dungeon, and saw 3 of its levels.

You collected 134 gold pieces.

Inventory:

Hand Weapons
 a - a +0 war axe (weapon)
 p - a +0 dagger
 q - a +0 hunting sling
Armour
 b - a +0 scale mail
 c - a +0 shield (worn)
 h - a +0 chain mail (worn)
Jewellery
 o - an amulet of rage (around neck)
Wands
 e - a wand of heal wounds (4/9)
Scrolls
 f - a scroll of identify {unknown}
 g - a scroll of noise {unknown}
 i - a scroll of amnesia {unknown}
 j - a scroll of remove curse {unknown}
 l - a scroll of enchant armour {unknown}
 s - 2 scrolls of teleportation {unknown}
Potions
 d - a potion of might
 k - a potion of brilliance {unknown}
 m - a potion of curing {unknown}
Comestibles
 n - 2 meat rations
 r - a slice of pizza


   Skills:
 + Level 3.0(2.4) Fighting
 + Level 2.9(2.3) Axes
 + Level 4.2(3.6) Armour
 + Level 0.4(0.0) Dodging
 + Level 4.1(3.5) Shields


You had 3 spell levels left.
You didn't know any spells.

Dungeon Overview and Level Annotations

Branches:
Dungeon (3/15)

Altars:
Zin

Annotations:
D:3 taraiph's ghost, novice GrIE


Innate Abilities, Weirdness & Mutations

You are resistant to damage.
You can recharge devices by infusing magical energy.
You passively map a small area around you.
You do not regenerate naturally.


Message History

You closely miss taraiph's ghost.
Taraiph's ghost is lightly damaged.
Taraiph's ghost hits you.
Taraiph's ghost hits you but does no damage.
You closely miss taraiph's ghost.
Taraiph's ghost is lightly damaged.
Taraiph's ghost hits you but does no damage.
You hit taraiph's ghost.
Taraiph's ghost is lightly damaged.
Taraiph's ghost hits you but does no damage. x2
You hit taraiph's ghost.
Taraiph's ghost is lightly damaged.
Taraiph's ghost casts a spell at you. The puff of frost hits you!
* * * LOW HITPOINT WARNING * * *
You miss taraiph's ghost.
Taraiph's ghost is lightly damaged.
Taraiph's ghost points at you and mumbles some strange words.
You are frozen.
You die...

,
,#.......##........#...
, ,
#.....##.....####... *
, ,*
#.#+#............... *
, #.#,########.####...
*, , , #.# ,
,,#........ #.# *
######### , , ,#.# *,
,#.########, , ,
#rW@.....#, * *
########.# * * * * * *


You could see taraiph's ghost and a quokka.

Vanquished Creatures
  2 adders
  An ooze (D:2)
  2 worms (D:2)
  3 dart slugs
  2 giant geckos (D:1)
  2 ball pythons
  12 bats
  5 goblins
  4 hobgoblins
  5 jackals
  3 giant newts
  6 kobolds
  6 rats
53 creatures vanquished.

Notes
Turn   | Place    | Note
--------------------------------------------------------------
     0 | D:1      | Firecrotchwizard the Deep Dwarf Fighter began the quest for the Orb.
     0 | D:1      | Reached XP level 1. HP: 20/20 MP: 1/1
   135 | D:1      | Reached XP level 2. HP: 27/27 MP: 2/2
   792 | D:2      | Reached XP level 3. HP: 24/33 MP: 3/3
   842 | D:2      | Found a glowing silver altar of Zin.
  1216 | D:2      | Reached XP level 4. HP: 38/42 MP: 4/4
  1477 | D:3      | Noticed taraiph's ghost (novice GrIE)
  1497 | D:3      | Killed from afar by taraiph's ghost

Skill      XL: |  1  2  3 |
---------------+----------+-----
Armour         | 4 |  4.2
Fighting       | 3 |  3.0
Shields        | 4 |  4.1
Axes           | |  2.9
Dodging        | |  0.4

Action                   |  1- 3 |  4- 6 || total
-------------------------+-------+-------++-------
Melee: War axe           |   178 |    41 ||   219
Evoke: Wand              |     1 |       ||     1
  Use: Potion            |     1 |       ||     1
  Eat: Bread ration      |     1 |       ||     1
Armor: Chain mail        |   151 |    23 ||   174
       Scale mail        |     2 |       ||     2
Dodge: Dodged            |    43 |     5 ||    48
Block: Shield            |   125 |    20 ||   145
